 Dungeon Crawl Stone Soup version 0.19-a0-749-g66ae36b (webtiles) character file.

3782 qqqbard the Cruncher (level 9, -18/77 (78) HPs)
             Began as a Minotaur Gladiator on June 24, 2016.
             Was a Follower of Makhleb.
             Demolished by a polar bear (24 damage)
             ... created by the rage of Trog
             ... on level 10 of the Dungeon.
             The game lasted 00:19:39 (8269 turns).

qqqbard the Cruncher (Minotaur Gladiator)           Turns: 8269, Time: 00:19:39

HP:   -18/77 (78)   AC: 18    Str: 23    XL:     9   Next: 95%
MP:   8/8           EV: 10    Int:  5    God:    Makhleb [*.....]
Gold: 485           SH:  0    Dex: 16    Spells: 1 memorised, 4 levels left

rFire  + + .     SeeInvis .     B - +5 quarterstaff (chaos)
rCold  + + .     Gourm    .     M - +1 chain mail of the Moon Troll {rF+ rC++ Dex+5}
rNeg   . . .     Faith    .     (shield currently unavailable)
rPois  .         Spirit   .     U - +2 hat
rElec  .         Dismiss  .     F - +2 cloak {MR+}
rCorr  .         Reflect  .     p - +0 pair of gloves
SustAt .         Harm     .     (no boots)
MR     +....                    (no amulet)
Stlth  ..........               (no ring)
                                b - ring of protection from fire

@: somewhat resistant to hostile enchantments, extremely unstealthy
A: retaliatory headbutt, horns 2
a: Renounce Religion


You were on level 10 of the Dungeon.
You worshipped Makhleb.
Makhleb was aware of your devotion.
You were not hungry.

You visited 2 branches of the dungeon, and saw 11 of its levels.
You also visited: Sewer.

You collected 485 gold pieces.

Inventory:

Hand Weapons
 a - a +0 quarterstaff
 v - a +0 hand crossbow
 B - a +5 quarterstaff of chaos (weapon)
Missiles
 d - 5 throwing nets (quivered)
 w - 115 bolts
Armour
 p - a +0 pair of gloves (worn)
 F - a +2 cloak of magic resistance (worn)
 M - the +1 chain mail of the Moon Troll (worn) {rF+ rC++ Dex+5}
   (You found it on level 7 of the Dungeon)

   It affects your dexterity (+5).
   It protects you from fire.
   It greatly protects you from cold.
 U - a +2 hat (worn)
Jewellery
 b - a ring of protection from fire (left hand)
 K - an uncursed ring of flight {unknown}
Wands
 s - a wand of flame (30/48)
 t - a wand of polymorph (13/24)
 H - a wand of confusion (20/48)
 N - a wand of disintegration (17/24)
 R - a wand of random effects (9/48)
 S - a wand of teleportation (5/9)
Scrolls
 e - 4 scrolls of remove curse
 j - a scroll of enchant armour {unknown}
 k - 4 scrolls of random uselessness
 l - 5 scrolls of teleportation
 r - 6 scrolls of identify
 G - a scroll of magic mapping {unknown}
 I - 3 scrolls of fog {unknown}
 J - 2 scrolls of blinking {unknown}
Potions
 c - a potion of berserk rage {unknown}
 g - a potion of flight {unknown}
 i - a potion of lignification {unknown}
 m - 4 potions of heal wounds
 n - 4 potions of curing
 o - a potion of beneficial mutation {unknown}
 q - 4 potions of magic {unknown}
 u - 2 potions of agility {unknown}
 x - 2 potions of might
 z - 4 potions of brilliance {unknown}
 A - 2 potions of degeneration {unknown}
 D - a potion of cancellation {unknown}
 L - a potion of invisibility {unknown}
 O - 2 potions of haste {unknown}
Books
 h - a book of Frost

   Spells                             Type                      Level
   a - Freeze                         Ice                          1
   b - Throw Frost                    Conjuration/Ice              2
   c - Ozocubu's Armour               Charms/Ice                   3
   d - Throw Icicle                   Conjuration/Ice              4
   e - Summon Ice Beast               Ice/Summoning                4
 y - a book of Annihilations

   Spells                             Type                      Level
   a - Poison Arrow                   Conjuration/Poison           6
   b - Chain Lightning                Conjuration/Air              8
   c - Lehudib's Crystal Spear        Conjuration/Earth            8
   d - Glaciate                       Conjuration/Ice              9
   e - Fire Storm                     Conjuration/Fire             9
 E - a book of Misfortune

   Spells                             Type                      Level
   a - Confusing Touch                Hexes                        2
   b - Confuse                        Hexes                        3
   c - Gell's Gravitas                Hexes/Translocation          3
   d - Petrify                        Transmutation/Earth          4
   e - Metabolic Englaciation         Hexes/Ice                    5
   f - Yara's Violent Unravelling     Hexes/Transmutation          5
Comestibles
 f - 5 bread rations
 C - 3 meat rations
 P - 9 royal jellies
 Q - 7 beef jerkies


   Skills:
 * Level 6.4 Fighting
 - Level 12.0 Staves
 - Level 2.0 Throwing
 + Level 8.2 Armour
 - Level 3.2 Dodging
 * Level 4.8 Earth Magic


You had 4 spell levels left.
You knew the following spells:

 Your Spells              Type           Power        Failure   Level  Hunger
a - Petrify               Tmut/Erth      #.......     100%        4    #####..


Dungeon Overview and Level Annotations

Branches:
Dungeon (10/15)            Temple (1/1) D:6            Lair (0/6) D:8
    Orc: D:9-12

Altars:
Ashenzari
Cheibriados
Dithmenos
Elyvilon
Fedhas
Gozag
Hepliaklqana
Kikubaaqudgha
Makhleb
Nemelex Xobeh
Okawaru
Pakellas
Qazlal
Ru
Sif Muna
Trog
Uskayaw
Vehumet
Xom
Yredelemnul
Zin
The Shining One

Shops:
D:4 %   D:6 }


Innate Abilities, Weirdness & Mutations

You reflexively headbutt those who attack you in melee.
You have a pair of horns on your head.


Message History

The polar bear closely misses you.
The polar bear bites you but does no damage.
The polar bear barely misses you. The polar bear closely misses you.
The black bear rages.
You found a teleport trap!
The polar bear rages.
You hear an angry growl.
The polar bear bites you!
The polar bear claws you but does no damage.
The polar bear misses you.
The polar bear bites you but does no damage.
The polar bear claws you but does no damage.
The polar bear misses you.
The polar bear rages. x2
The polar bear bites you!!
* * * LOW HITPOINT WARNING * * *
The polar bear misses you.
The polar bear claws you but does no damage.
The polar bear bites you!!
You die...

..... ......##+####+#.
#######+#...............
........#...............
........#...............
........#.........>.....
........#...............
........#.....hh@^...#
....h...#......hh....#
....hh..#...h........#
...h.####.h.......##+#
.....#.....h......#
.....'.........##+#
.....#.........#
.....#.........#
######.........#


You could see 5 polar bears and 2 black bears.

Vanquished Creatures
  Pikel (D:7)
  2 hippogriffs (D:9)
  2 soldier ants (D:9)
  Edmund (D:4)
  A naga (shapeshifter) (D:5)
  2 orc warriors
  A slave (D:7)
  An ogre (D:7)
  A necrophage (D:7)
  A centaur (D:8)
  4 big kobolds
  5 giant frogs
  6 killer bees (D:10)
  5 wights (D:8)
  A wasp zombie (D:10)
  A centaur zombie (D:7)
  A giant frog zombie (D:5)
  A quasit (D:9)
  Crazy Yiuf (D:3)
  3 hounds (D:9)
  A centaur skeleton (D:7)
  2 orc priests (D:3)
  A giant frog skeleton (D:4)
  2 iguanas
  A gnoll shaman (D:3)
  4 orc wizards
  7 worker ants
  3 hound zombies
  3 hound skeletons
  5 gnolls (D:3)
  9 adders
  2 oozes (Sewer)
  An adder skeleton (D:8)
  2 worms
  3 dart slugs (D:1)
  9 giant geckos
  26 orcs
  6 bats
  9 giant cockroaches
  2 goblins
  10 hobgoblins
  8 jackals
  25 kobolds
  4 quokkas
  9 ball pythons
  A giant gecko zombie (D:6)
  4 giant newts
  11 rats
  A plant (D:5)
212 creatures vanquished.

Vanquished Creatures (others)
  A sky beast (D:7)
1 creature vanquished.

Grand Total: 213 creatures vanquished

Notes
Turn   | Place    | Note
--------------------------------------------------------------
     0 | D:1      | qqqbard the Minotaur Gladiator began the quest for the Orb.
     0 | D:1      | Reached XP level 1. HP: 18/18 MP: 0/0
    96 | D:1      | Reached skill level 4 in Staves
   204 | D:1      | Reached XP level 2. HP: 22/25 MP: 1/1
   780 | D:2      | Reached skill level 5 in Staves
   780 | D:2      | Reached XP level 3. HP: 27/30 MP: 2/2
  1413 | D:3      | Reached XP level 4. HP: 37/37 MP: 3/3
  1419 | D:3      | Found a glowing drain.
  1424 | D:3      | Reached skill level 6 in Staves
  1433 | Sewer    | Entered a sewer
  1765 | Sewer    | Noticed a big kobold
  1766 | Sewer    | Noticed a big kobold
  1771 | Sewer    | Killed a big kobold
  1771 | Sewer    | Reached skill level 7 in Staves
  1771 | Sewer    | Reached skill level 1 in Armour
  1771 | Sewer    | Reached XP level 5. HP: 27/42 MP: 4/4
  2075 | D:3      | Reached XP level 6. HP: 31/50 MP: 5/5
  2099 | D:3      | Reached skill level 8 in Staves
  2759 | D:3      | Found a runed door.
  3086 | D:3      | Noticed Crazy Yiuf
  3132 | D:3      | Killed Crazy Yiuf
  3449 | D:4      | Found a radiant altar of Vehumet.
  3590 | D:4      | Found Loevy's Food Emporium.
  3738 | D:4      | Reached XP level 7. HP: 47/56 MP: 6/6
  3743 | D:4      | Reached skill level 9 in Staves
  3882 | D:4      | Noticed Edmund
  3889 | D:4      | Killed Edmund
  3906 | D:4      | Learned a level 4 spell: Petrify
  4350 | D:5      | Entered Level 5 of the Dungeon
  4512 | D:5      | Reached skill level 1 in Earth Magic
  4805 | D:5      | Reached skill level 10 in Staves
  4805 | D:5      | Reached XP level 8. HP: 29/62 MP: 7/7
  5128 | D:6      | Found a staircase to the Ecumenical Temple.
  5135 | Temple   | Entered the Ecumenical Temple
  5390 | Temple   | Became a worshipper of Trog the Wrathful
  5448 | D:6      | Found Kewyleimn's Quality Used Wands.
  5486 | D:6      | Reached skill level 5 in Armour
  6028 | D:7      | Reached skill level 11 in Staves
  6221 | D:7      | Noticed Pikel
  6232 | D:7      | Killed Pikel
  6232 | D:7      | Reached XP level 9. HP: 67/67 MP: 8/8
  6307 | D:7      | Got an ancient chain mail
  6318 | D:7      | Identified the +1 chain mail of the Moon Troll {rF+ rC++ Dex+5} (You found it on level 7 of the Dungeon)
  6580 | D:8      | Found a staircase to the Lair.
  6604 | D:8      | Reached skill level 12 in Staves
  6777 | Temple   | Fell from the grace of Trog
  6777 | Temple   | Became a worshipper of Makhleb the Destroyer
  7513 | D:9      | Found a sacrificial altar of Ru.
  7528 | D:9      | Reached * piety under Makhleb
  7534 | D:9      | Reached skill level 5 in Fighting
  8100 | D:10     | Entered Level 10 of the Dungeon
  8254 | D:10     | Noticed a polar bear
  8254 | D:10     | Noticed a polar bear
  8254 | D:10     | Noticed a polar bear
  8254 | D:10     | Noticed a polar bear
  8254 | D:10     | Noticed a polar bear
  8269 | D:10     | Demolished by a polar bear

Vault maps used:
D:1:      kennysheep_arrival_forest, serial_bayou_pond_a
D:2:      wad_pebble_path, first_bread
D:3:      gup_sewer_entry_pipe, uniq_crazy_yiuf_cottage
D:4:      overflow_temple_1_default, serial_shops, shop, uniq_edmund
D:5:      lexackson_kobold_supper
D:6:      nicolae_for_you_no_charge
D:7:      uniq_pikel
D:8:      dpeg_oklobed_lair
D:9:      hangedman_pestilent_swarm, serial_park_tiny_pond,
          nicolae_ru_awakened_eye
Temple:   nicolae_temple_the_god_donut
Sewer:    kennysheep_pipe_town

Skill      XL: |  1  2  3  4  5  6  7  8  9 |
---------------+----------------------------+-----
Staves         | 4 5 7 8 10 11 12 | 12.0
Armour         | 1 2 3 4 6 8 |  8.2
Earth Magic    | 2 4 |  4.8
Fighting       | 6 |  6.4
Throwing       | |  2.0
Dodging        | |  3.2

Action                   |  1- 3 |  4- 6 |  7- 9 || total
-------------------------+-------+-------+-------++-------
Melee: Quarterstaff      |    64 |   148 |   291 ||   503
       Headbutt          |     6 |    30 |    53 ||    89
       Unarmed           |       |     5 |       ||     5
  Use: Scroll            |     1 |     8 |     1 ||    10
       Potion            |       |     1 |       ||     1
 Stab: Confused          |       |       |     1 ||     1
       Petrifying        |       |       |     2 ||     2
  Eat: Chunk             |     2 |     6 |     9 ||    17
       Pizza             |       |       |     1 ||     1
       Bread ration      |       |       |     1 ||     1
Armor: Leather armour    |    17 |     9 |       ||    26
       Scale mail        |       |    37 |    31 ||    68
       Chain mail        |       |       |   135 ||   135
Dodge: Dodged            |    40 |    86 |   116 ||   242
